[Event "Titled Tuesday Blitz June 6 Early 2023"]
[White "Jovic, Stanoje"]
[Black "Bodnaruk, Anastasia"]
[WhiteFideId "905020"]
[BlackFideId "4181751"]
[WhiteElo "2236"]
[BlackElo "2304"]
[Result "1-0"]
[Round "7"]
[TimeControl "180+2"]
[Date "2023.06.06"]
[WhiteClock "0:00:05"]
[BlackClock "0:00:01"]
[Board "82"]

1. c4 e5 2. g3 Nc6 3. Bg2 g6 4. Nc3 Bg7 5. Nf3 f5 6. d3 Nf6 7. O-O O-O 8. Rb1 a5 9. a3 d6 10. b4 axb4 11. axb4 h6 12. Nd5 g5 13. b5 Ne7 14. Qb3 Nexd5 15. cxd5 f4 16. b6 cxb6 17. Nd2 Nd7 18. Nc4 Ra6 19. Qb4 Rf6 20. Ba3 Bf8 21. Rfc1 h5 22. Nd2 Nc5 23. Ne4 Rh6 24. Bb2 h4 25. d4 Ra5 26. dxc5 bxc5 27. Qb3 hxg3 28. hxg3 b5 29. Ra1 Bd7 30. Rxa5 Qxa5 31. Ra1 Qd8 32. Ra7 Be7 33. Bxe5 c4 34. Qc3 dxe5 35. Qxe5 b4 36. d6 Bf8 37. Nxg5 Bxd6 38. Bd5+ Kf8 39. Nh7+ Rxh7 40. Qxd6+ Ke8 41. Ra8 b3 42. Rxd8+ Kxd8 43. Qf6+ Kc8 44. Bxc4 fxg3 45. fxg3 1-0


[Site "https://www.chess.com"]

[Event "Titled Tuesday Blitz June 6 Early 2023"]
[White "Novikov, Evgenij"]
[Black "KorolDimitriy75"]
[WhiteFideId "4125380"]
[WhiteElo "2242"]
[BlackElo "2456"]
[Result "0-1"]
[Round "7"]
[TimeControl "180+2"]
[Date "2023.06.06"]
[WhiteClock "0:00:11"]
[BlackClock "0:00:05"]
[Board "83"]

1. e4 c5 2. Nf3 d6 3. d4 cxd4 4. Nxd4 Nf6 5. Nc3 g6 6. Be3 Bg7 7. f3 O-O 8. Bc4 Nc6 9. Qd2 Bd7 10. Bb3 Qa5 11. O-O-O Rfc8 12. Kb1 Ne5 13. Nd5 Qxd2 14. Rxd2 Nxd5 15. Bxd5 Nc4 16. Bxc4 Rxc4 17. c3 b5 18. Nc2 f5 19. exf5 Bxf5 20. Kc1 a6 21. Re1 Kf7 22. Bd4 Bh6 23. Be3 Bg7 24. a3 Rac8 25. Kd1 a5 26. Rde2 b4 27. axb4 Bxc2+ 28. Kxc2 axb4 29. Bg5 e5 30. Bd2 d5 31. Kd3 bxc3 32. bxc3 Bf6 33. Rb1 R8c7 34. Rb3 g5 35. Be1 h6 36. h3 Ke6 37. Bg3 Kf5 38. Bf2 e4+ 39. fxe4+ dxe4+ 40. Kc2 Rxc3+ 41. Rxc3 Rxc3+ 42. Kd2 Rd3+ 43. Kc2 Rc3+ 44. Kd2 Ra3 45. g4+ Kf4 46. Bc5 Ra2+ 47. Kd1 Rxe2 48. Kxe2 Kg3 49. Bf8 Kxh3 50. Bxh6 Kxg4 51. Ke3 Kf5 52. Bf8 Be5 53. Bb4 Bf4+ 54. Kf2 e3+ 55. Kf3 g4+ 56. Ke2 Ke4 57. Be1 g3 58. Bxg3 Bxg3 0-1


[Site "https://www.chess.com"]

[Event "Titled Tuesday Blitz June 6 Early 2023"]
[White "Ramirez Vido, Robert Yorisan"]
[Black "Skliarov, Viktor"]
[WhiteFideId "3513823"]
[BlackFideId "14106736"]
[WhiteElo "2455"]
[BlackElo "2317"]
[Result "1-0"]
[Round "7"]
[TimeControl "180+2"]
[Date "2023.06.06"]
[WhiteClock "0:00:24"]
[BlackClock "0:00:18"]
[Board "84"]

1. f4 g6 2. Nf3 Bg7 3. g3 c5 4. Bg2 Nc6 5. d3 d6 6. O-O Nf6 7. e4 O-O 8. Nc3 Rb8 9. h3 b5 10. a3 a5 11. Be3 b4 12. axb4 axb4 13. Ne2 Ne8 14. Rb1 Nc7 15. b3 Nb5 16. g4 Ncd4 17. Nexd4 cxd4 18. Bd2 Nc3 19. Bxc3 bxc3 20. Qe1 Bb7 21. f5 Ra8 22. Qh4 h6 23. g5 h5 24. Qg3 Ra2 25. Rf2 Qa5 26. Rbf1 Ra1 27. Nh4 Be5 28. Qf3 Rxf1+ 29. Rxf1 Kg7 30. fxg6 f6 31. Qxh5 Rh8 32. Nf5+ Kg8 33. Nxe7+ Kg7 34. gxf6+ Bxf6 35. Qxa5 Bxe7 36. Qb6 Bc8 37. Qxd4+ Kg8 38. Qd5+ 1-0


[Site "https://www.chess.com"]

[Event "Titled Tuesday Blitz June 6 Early 2023"]
[White "Gavrilov, Maxim"]
[Black "Garcia Cuenca, Victor"]
[WhiteFideId "24271454"]
[BlackFideId "2250829"]
[WhiteElo "1969"]
[BlackElo "2329"]
[Result "1-0"]
[Round "7"]
[TimeControl "180+2"]
[Date "2023.06.06"]
[WhiteClock "0:00:58"]
[BlackClock "0:00:02"]
[Board "85"]

1. g4 d6 2. Bg2 c6 3. h3 e5 4. c4 f5 5. gxf5 Bxf5 6. Nc3 Nf6 7. d4 e4 8. d5 c5 9. Bg5 Be7 10. Qc2 Nbd7 11. Nxe4 Nxe4 12. Bxe4 Bxe4 13. Qxe4 Kf7 14. Qe6+ Kf8 15. Bf4 Nf6 16. Nf3 Qd7 17. Qe3 h6 18. Nh4 Kf7 19. Rg1 g5 20. Qd3 Rag8 21. O-O-O gxf4 22. Nf5 Bf8 23. h4 Rxg1 24. Rxg1 Rg8 25. Re1 b5 26. cxb5 c4 27. Qh3 Qxb5 28. Nxd6+ Bxd6 29. Qe6+ Kg6 30. Rg1+ Kh7 31. Qf7+ Kh8 32. Qxf6+ Kh7 33. Qf7+ 1-0


[Site "https://www.chess.com"]

[Event "Titled Tuesday Blitz June 6 Early 2023"]
[White "brm72"]
[Black "kuanysh1981"]
[WhiteElo "2572"]
[BlackElo "2443"]
[Result "0-1"]
[Round "7"]
[TimeControl "180+2"]
[Date "2023.06.06"]
[WhiteClock "0:00:01"]
[BlackClock "0:00:31"]
[Board "86"]

1. d4 Nf6 2. c4 e6 3. Nf3 b6 4. g3 Bb7 5. Bg2 c5 6. O-O cxd4 7. Nxd4 Bxg2 8. Kxg2 Qc8 9. b3 Be7 10. Bb2 O-O 11. Nc3 Nc6 12. Ndb5 Qb7 13. Kg1 Rfd8 14. Nd6 Bxd6 15. Qxd6 Ne8 16. Qf4 Ne7 17. Rad1 d5 18. cxd5 Nxd5 19. Nxd5 Rxd5 20. e4 Rd7 21. h4 Rad8 22. Rxd7 Qxd7 23. h5 h6 24. Qe5 Qd2 25. a3 Qe2 26. b4 Rd1 27. Rxd1 Qxd1+ 28. Kg2 Qc2 29. Bd4 Qe2 30. Be3 Qd3 31. a4 Qd6 32. Qc3 Nf6 33. e5 Qd5+ 34. f3 Nd7 35. Bd4 a6 36. a5 bxa5 37. bxa5 Kh7 38. Kh3 g6 39. hxg6+ fxg6 40. g4 Kg7 41. Kg3 Kf7 42. Qe3 Kg7 43. Qc3 g5 44. Qb2 Qc4 45. Bc3 Qf1 46. Qf2 Qd3 0-1


[Site "https://www.chess.com"]

[Event "Titled Tuesday Blitz June 6 Early 2023"]
[White "Yeritsyan, Hayk"]
[Black "Diaz Rosas, Julio Cesar"]
[WhiteFideId "13307320"]
[BlackFideId "5105099"]
[WhiteElo "2439"]
[BlackElo "2284"]
[Result "1-0"]
[Round "7"]
[TimeControl "180+2"]
[Date "2023.06.06"]
[WhiteClock "0:00:21"]
[BlackClock "0:00:09"]
[Board "87"]

1. Nf3 d5 2. d3 Nf6 3. Nbd2 g6 4. e4 Bg7 5. g3 O-O 6. Bg2 c5 7. O-O Nc6 8. Re1 d4 9. a4 e5 10. Nc4 Re8 11. Rf1 b6 12. Nh4 Ba6 13. b3 Bxc4 14. bxc4 h6 15. Qe1 Nh7 16. f4 Nb4 17. Qf2 Qd7 18. f5 g5 19. f6 Bf8 20. Nf5 Qc6 21. a5 Re6 22. axb6 Qxb6 23. Ne7+ Kh8 24. Nd5 Nxd5 25. exd5 Rxf6 26. Qe2 Rxf1+ 27. Qxf1 Kg7 28. Bd2 Bd6 29. Qf5 Rf8 30. Be4 Nf6 31. Bg2 Bb8 32. Rf1 Qd6 33. h4 gxh4 34. g4 Rg8 35. g5 Nh7 36. Qxf7+ Kh8 37. Be4 Nxg5 38. Bxg5 Rxg5+ 39. Kh1 Qd8 40. Qh7# 1-0


[Site "https://www.chess.com"]

[Event "Titled Tuesday Blitz June 6 Early 2023"]
[White "Czerw, Dawid"]
[Black "Alexikov, Alexander"]
[WhiteFideId "1145746"]
[BlackFideId "14103958"]
[WhiteElo "2144"]
[BlackElo "2186"]
[Result "0-1"]
[Round "7"]
[TimeControl "180+2"]
[Date "2023.06.06"]
[WhiteClock "0:00:04"]
[BlackClock "0:00:19"]
[Board "88"]

1. e4 c5 2. Nf3 d6 3. d4 Nf6 4. Nc3 cxd4 5. Nxd4 a6 6. h4 h5 7. Bg5 e6 8. Qe2 Nc6 9. Nxc6 bxc6 10. O-O-O Qa5 11. f4 e5 12. Qc4 Qb6 13. fxe5 dxe5 14. Na4 Qb5 15. Qb3 Qxb3 16. axb3 Be6 17. Bxf6 gxf6 18. Bc4 Bg4 19. Rdf1 Ke7 20. Nc5 a5 21. Kb1 Bh6 22. g3 Be3 23. Na4 Rhd8 24. Rh2 Rd6 25. Nc3 Rad8 26. Re1 Ba7 27. Rf1 Rd2 28. Rxd2 Rxd2 29. Bd3 Rg2 30. Re1 Rxg3 31. Rh1 Rg1+ 32. Rxg1 Bxg1 33. Ne2 Bf2 34. c3 Bxh4 35. b4 axb4 36. cxb4 Bf2 37. b5 cxb5 38. Bxb5 h4 39. Nc3 Be6 40. Bf1 h3 41. b4 h2 42. Bg2 f5 43. b5 f4 44. Kc2 Kd6 45. Nd1 Bd4 46. Kd3 Bg4 47. Nc3 Bxc3 48. Kxc3 Kc5 49. b6 Kxb6 50. Kc4 f3 51. Bh1 f2 0-1


[Site "https://www.chess.com"]

[Event "Titled Tuesday Blitz June 6 Early 2023"]
[White "ArchibaldCerveza29"]
[Black "Krutko, Anatoly"]
[BlackFideId "4185862"]
[WhiteElo "2436"]
[BlackElo "2378"]
[Result "1-0"]
[Round "7"]
[TimeControl "180+2"]
[Date "2023.06.06"]
[WhiteClock "0:00:05"]
[BlackClock "0:00:16"]
[Board "89"]

1. e4 g6 2. d4 Bg7 3. Nc3 d6 4. f4 a6 5. a4 Nc6 6. Nf3 Bg4 7. Be3 Bxf3 8. gxf3 e5 9. fxe5 dxe5 10. d5 Nd4 11. Be2 Ne7 12. Qd2 f5 13. h4 fxe4 14. fxe4 Qd6 15. h5 O-O-O 16. O-O-O gxh5 17. Rxh5 Ng6 18. Rdh1 h6 19. Bxh6 Bxh6 20. Rxh6 Rxh6 21. Rxh6 Rh8 22. Bg4+ Kb8 23. Bf5 Rxh6 24. Qxh6 Nf4 25. Qxd6 cxd6 26. Bg4 Kc7 27. Kd2 Kb6 28. Ne2 Ndxe2 29. Bxe2 Kc5 30. Bf3 a5 31. c3 b6 32. b3 Ng6 33. Ke3 Nf4 34. Bg4 Ng6 35. Bd7 Nf4 36. Bb5 Ng2+ 37. Kf3 Nf4 38. Kg4 Ng2 39. Kg5 Ne3 40. Kf6 Nd1 41. b4+ axb4 42. cxb4+ Kxb4 43. Ke6 Kc5 44. Bd3 Nc3 45. Bc2 Ne2 46. Kd7 Nc3 47. Ke6 b5 48. a5 b4 49. a6 Nb5 50. Bd3 Nc7+ 51. Kd7 Na8 52. Kc8 b3 53. Kb7 Nb6 54. a7 b2 55. a8=Q Nxa8 56. Kxa8 Kd4 57. Bb1 Kc3 58. Kb7 Kd2 59. Kc6 Kc1 60. Bd3 Kd2 61. Bb1 Kc1 62. Ba2 Kd2 63. Kxd6 Kd3 64. Kxe5 1-0


[Site "https://www.chess.com"]

[Event "Titled Tuesday Blitz June 6 Early 2023"]
[White "Garcia Blanco, Omar"]
[Black "Matveeva, Olga"]
[WhiteFideId "2287153"]
[BlackFideId "24107018"]
[WhiteElo "2356"]
[BlackElo "2009"]
[Result "1-0"]
[Round "7"]
[TimeControl "180+2"]
[Date "2023.06.06"]
[WhiteClock "0:00:41"]
[BlackClock "0:00:01"]
[Board "91"]

1. e4 e6 2. d4 d5 3. e5 c5 4. c3 Nc6 5. Nf3 Qb6 6. Bd3 cxd4 7. O-O Bd7 8. Re1 Nge7 9. h4 h5 10. a3 Nf5 11. b4 Be7 12. Bxf5 exf5 13. cxd4 Be6 14. Nc3 Rc8 15. Na4 Qd8 16. Bg5 O-O 17. Rc1 b6 18. Nc3 Qd7 19. Ne2 g6 20. Nf4 Rfe8 21. Qd3 Bf8 22. Bf6 Bg7 23. Ng5 Ne7 24. Bxe7 Qxe7 25. Ngxe6 fxe6 26. Nxg6 Qf7 27. Nf4 Bh6 28. Qf3 Bxf4 29. Qxf4 Kh7 30. Rxc8 Rxc8 31. Rc1 Rxc1+ 32. Qxc1 Qg7 33. Qf4 Qc7 34. Qg5 Qf7 35. f3 Qe8 36. Kf2 Qf7 37. Ke3 a6 38. Kf4 Qe8 39. Qf6 Qd7 40. Kg5 a5 41. Qg6+ Kh8 42. Qxh5+ 1-0


[Site "https://www.chess.com"]

[Event "Titled Tuesday Blitz June 6 Early 2023"]
[White "Perske, Thore"]
[Black "Fernandez Garcia, Gumersindo"]
[WhiteFideId "12902195"]
[BlackFideId "24516740"]
[WhiteElo "2336"]
[BlackElo "2093"]
[Result "1-0"]
[Round "7"]
[TimeControl "180+2"]
[Date "2023.06.06"]
[WhiteClock "0:00:19"]
[BlackClock "0:00:16"]
[Board "92"]

1. e4 c5 2. Nf3 g6 3. g3 Bg7 4. Bg2 Nc6 5. O-O d6 6. d3 Bg4 7. h3 Bd7 8. Nc3 Nd4 9. Kh2 Qc8 10. Be3 b5 11. Ne1 b4 12. Nb1 h5 13. Nd2 Nf6 14. f4 h4 15. gxh4 Rxh4 16. Bxd4 Bxh3 17. Bxf6 Bxf6 18. Ndf3 Bxg2+ 19. Kxg2 Qh3+ 20. Kf2 Rg4 21. Ke2 Bxb2 22. Rb1 Bc3 23. Rf2 Rxf4 24. Rb3 O-O-O 25. Rxc3 bxc3 26. Qc1 Rg4 27. Qa3 Rh8 28. Qxa7 Rf4 29. Qxe7 Qe6 30. Qa7 Rh1 31. Qa8+ Kd7 32. Qa7+ Ke8 33. a4 Kf8 34. a5 Qa2 35. Qb8+ Kg7 36. Qxd6 Qa1 37. Qxf4 Qd1+ 38. Kxd1 1-0


[Site "https://www.chess.com"]

[Event "Titled Tuesday Blitz June 6 Early 2023"]
[White "Machidon, Cristi"]
[Black "FunnyDuck66"]
[WhiteFideId "13904590"]
[WhiteElo "2355"]
[BlackElo "2430"]
[Result "1-0"]
[Round "7"]
[TimeControl "180+2"]
[Date "2023.06.06"]
[WhiteClock "0:00:24"]
[BlackClock "0:00:03"]
[Board "93"]

1. e4 c6 2. Nf3 d5 3. d3 dxe4 4. dxe4 Qxd1+ 5. Kxd1 Nf6 6. Nbd2 g6 7. a4 Bg7 8. Ne1 Nbd7 9. Nd3 b6 10. a5 Bb7 11. f3 c5 12. Nc4 O-O 13. Be3 Rfc8 14. Kc1 b5 15. a6 Bc6 16. Na5 c4 17. Nb4 Nb8 18. Naxc6 Nxc6 19. Nxc6 Rxc6 20. Ra5 Ne8 21. Rxb5 Rxa6 22. c3 Nd6 23. Rb4 Rc6 24. Kc2 a5 25. Ra4 Rc7 26. Be2 Rb7 27. Rha1 Rab8 28. R1a2 f5 29. exf5 Nxf5 30. Bxc4+ Kf8 31. Bf4 Rc8 32. Ba6 Rbc7 33. Bxc8 Rxc8 34. Rxa5 Nd4+ 35. Kd3 Nb3 36. Ra8 Rxa8 37. Rxa8+ Kf7 38. Kc4 1-0


[Site "https://www.chess.com"]

[Event "Titled Tuesday Blitz June 6 Early 2023"]
[White "Marcziter, Dmitrii"]
[Black "Hajiyev, Kanan"]
[WhiteFideId "13900765"]
[BlackFideId "13404148"]
[WhiteElo "2162"]
[BlackElo "2115"]
[Result "1/2-1/2"]
[Round "7"]
[TimeControl "180+2"]
[Date "2023.06.06"]
[WhiteClock "0:00:09"]
[BlackClock "0:00:13"]
[Board "94"]

1. d4 Nf6 2. c4 e6 3. Nf3 c5 4. d5 b5 5. a4 bxc4 6. Nc3 Qa5 7. Bd2 Bb7 8. e4 Ba6 9. Nb5 Qb6 10. Qc2 Bxb5 11. axb5 exd5 12. exd5 Bd6 13. Bxc4 O-O 14. O-O Re8 15. Rfe1 Rxe1+ 16. Rxe1 a6 17. Bc3 axb5 18. Bxf6 bxc4 19. Ng5 g6 20. g3 Na6 21. Qe4 Nc7 22. Qh4 h5 23. Ne4 Nxd5 24. Qg5 Nxf6 25. Nxf6+ Kg7 26. Nxh5+ Kh7 27. Nf6+ Kg7 28. Nxd7 Qd8 29. Qd5 Rc8 30. Ne5 Bxe5 31. Qxe5+ Qf6 32. Qxf6+ Kxf6 33. Re4 Rb8 34. Rxc4 Rxb2 35. Rxc5 Rb1+ 36. Kg2 Rb2 37. h4 Kg7 38. Rc4 Rb6 39. Rf4 Rb7 40. Rf3 Re7 41. Rf4 Re6 42. Rf3 Rd6 43. Rf4 Rc6 44. Rf3 Rd6 45. Rf4 Re6 46. Rd4 Rf6 47. Rf4 Re6 1/2-1/2


[Site "https://www.chess.com"]

[Event "Titled Tuesday Blitz June 6 Early 2023"]
[White "Bruedigam, Martin"]
[Black "Mogirzan, Matei-Valeriu"]
[WhiteFideId "24608033"]
[BlackFideId "1257455"]
[WhiteElo "2331"]
[BlackElo "1733"]
[Result "0-1"]
[Round "7"]
[TimeControl "180+2"]
[Date "2023.06.06"]
[WhiteClock "0:00:59"]
[BlackClock "0:00:03"]
[Board "95"]

1. d4 Nf6 2. c4 Nc6 3. Nf3 g6 4. Nc3 Bg7 5. e4 d6 6. Be3 Ng4 7. Bg5 h6 8. Bh4 g5 9. Bg3 e5 10. dxe5 Ngxe5 11. Nxe5 Nxe5 12. Be2 Be6 13. h4 Nxc4 14. Bxc4 Bxc4 15. Qa4+ b5 16. Nxb5 Bxb5 17. Qxb5+ Qd7 18. Qxd7+ Kxd7 19. Rb1 Rhe8 20. hxg5 Rxe4+ 21. Kf1 hxg5 22. Rh7 Rh8 23. Rxh8 Bxh8 24. b3 f5 25. f3 Rd4 26. Bf2 Rd2 27. a4 Bd4 28. Be1 Rb2 29. Rxb2 Bxb2 30. Ke2 Ke6 31. Kd3 Kd5 32. g4 Ke5 33. Bd2 f4 34. Kc4 Bd4 35. Kb5 Kd5 36. Ka6 c5 37. Kb7 c4 38. bxc4+ Kxc4 39. Ba5 d5 40. Bd8 Be3 41. a5 d4 42. Bb6 d3 43. Bxa7 Bxa7 44. Kxa7 d2 0-1


[Site "https://www.chess.com"]

[Event "Titled Tuesday Blitz June 6 Early 2023"]
[White "Gatterer, Florian"]
[Black "Ronka, Erik"]
[WhiteFideId "811688"]
[BlackFideId "505080"]
[WhiteElo "2221"]
[BlackElo "2264"]
[Result "1/2-1/2"]
[Round "7"]
[TimeControl "180+2"]
[Date "2023.06.06"]
[WhiteClock "0:01:47"]
[BlackClock "0:01:10"]
[Board "96"]

1. c4 c6 2. Nf3 d5 3. g3 Nf6 4. Bg2 Bg4 5. Ne5 Be6 6. cxd5 Bxd5 7. Nf3 c5 8. Nc3 Bc6 9. d3 e6 10. O-O Be7 11. e4 O-O 12. Qe2 b5 13. Ne5 b4 14. Nd1 Bb7 15. Ne3 Nc6 16. Nxc6 Bxc6 17. Nc4 Nd7 18. Be3 e5 19. f4 exf4 20. gxf4 Nb6 21. Ne5 Bb5 22. Rfd1 Rc8 23. Rac1 f6 24. Nc4 Qe8 25. b3 Nxc4 26. bxc4 Bc6 27. a3 a5 28. Kh1 Qd7 29. axb4 axb4 30. Qf2 Rfd8 31. Qg3 Bf8 32. Bh3 1/2-1/2


[Site "https://www.chess.com"]

[Event "Titled Tuesday Blitz June 6 Early 2023"]
[White "Tarasova, Viktoriya"]
[Black "Liu, Casper"]
[WhiteFideId "4175840"]
[BlackFideId "1454153"]
[WhiteElo "2182"]
[BlackElo "2221"]
[Result "0-1"]
[Round "7"]
[TimeControl "180+2"]
[Date "2023.06.06"]
[WhiteClock "0:00:05"]
[BlackClock "0:00:37"]
[Board "97"]

1. d4 Nf6 2. c4 c5 3. d5 g6 4. Nc3 Bg7 5. e4 O-O 6. Bd3 e6 7. Nge2 exd5 8. cxd5 d6 9. O-O Re8 10. a4 Nbd7 11. f3 Ne5 12. Bc2 c4 13. Be3 Nfd7 14. Qd2 Nc5 15. Bd4 Qh4 16. Nb5 Bh6 17. Be3 Bxe3+ 18. Qxe3 Qe7 19. Qd4 a6 20. Nbc3 f5 21. f4 Ned3 22. Ng3 fxe4 23. Qxc4 Bf5 24. b4 Nd7 25. Qd4 Rac8 26. Ra3 Nb2 27. Bxe4 Rc4 28. Qd2 Bxe4 29. Qxb2 Bd3 30. Rc1 Qe3+ 31. Kh1 Qe1+ 32. Nf1 Rxf4 33. Rxe1 Rxe1 34. h3 Rfxf1+ 35. Kh2 Ne5 36. Kg3 Re3+ 37. Kh2 h5 38. Qd2 Ree1 39. Qg5 Nf3+ 40. gxf3 Rh1+ 41. Kg3 Rhg1+ 42. Kf4 Rxg5 43. Kxg5 Rf1 44. Kf6 Rxf3+ 45. Ke6 g5 46. Kxd6 g4 47. hxg4 hxg4 48. Nd1 g3 49. Ra2 Bf1 50. Rg2 Bxg2 0-1


[Site "https://www.chess.com"]

[Event "Titled Tuesday Blitz June 6 Early 2023"]
[White "Trifan, Andrei Ioan"]
[Black "Zenin, Dmitry"]
[WhiteFideId "12967068"]
[BlackFideId "4127897"]
[WhiteElo "2208"]
[BlackElo "2215"]
[Result "1-0"]
[Round "7"]
[TimeControl "180+2"]
[Date "2023.06.06"]
[WhiteClock "0:00:25"]
[BlackClock "0:00:07"]
[Board "98"]

1. e4 e5 2. Nc3 Nf6 3. Bc4 Nxe4 4. Qh5 Nd6 5. Bb3 Be7 6. Nf3 Nc6 7. d3 g6 8. Qh6 Nf5 9. Qh3 d6 10. g4 Nfd4 11. Bh6 Nxf3+ 12. Qxf3 Be6 13. Ba4 Qd7 14. Qe3 a6 15. O-O-O b5 16. Bb3 Nd4 17. f4 Bxg4 18. fxe5 Nf5 19. Qf4 Nxh6 20. Qxh6 Be6 21. exd6 cxd6 22. Rhe1 O-O-O 23. Nd5 Kb7 24. Qe3 Bxd5 25. Bxd5+ Kb8 26. Qxe7 1-0


[Site "https://www.chess.com"]

[Event "Titled Tuesday Blitz June 6 Early 2023"]
[White "Manon-og, Ramon Jr."]
[Black "Jaskolka, Tomasz"]
[WhiteFideId "5200776"]
[BlackFideId "1170791"]
[WhiteElo "2381"]
[BlackElo "2155"]
[Result "0-1"]
[Round "7"]
[TimeControl "180+2"]
[Date "2023.06.06"]
[WhiteClock "0:00:56"]
[BlackClock "0:00:19"]
[Board "99"]

1. e4 c5 2. Nf3 e6 3. g3 d5 4. exd5 exd5 5. d4 Nc6 6. Bg2 Nf6 7. O-O cxd4 8. Nxd4 Be7 9. c3 O-O 10. Bf4 Qb6 11. Nxc6 bxc6 12. Qc2 Be6 13. Nd2 a5 14. Nb3 a4 15. Nd4 Bg4 16. Rfe1 Bc5 17. Be3 Rab8 18. Qxa4 Qxb2 19. Nxc6 Bxe3 20. fxe3 Ra8 21. Qb3 Qd2 22. Ne7+ Kh8 23. Nxd5 Rab8 24. Nb4 Rfc8 25. Rac1 Be6 26. Qd1 Qb2 27. Re2 Qa3 28. Qe1 Rxb4 29. Rd1 Rbb8 30. Red2 h6 31. Rc2 Qa4 32. Rcc1 Qxa2 33. Rd2 Rb2 34. Rxb2 Qxb2 35. h3 Qb5 36. Bf1 Qe5 37. Bg2 Ne4 38. Kh2 f5 39. c4 Rxc4 40. Rxc4 Bxc4 41. Qb4 Qxg3+ 42. Kh1 Nf2+ 43. Kg1 Nxh3+ 44. Kh1 Nf2+ 45. Kg1 Bd5 46. Qf8+ Bg8 47. Qxf5 Ng4 48. e4 Qxg2+ 49. Kxg2 Ne3+ 50. Kf3 Nxf5 51. exf5 Bf7 52. Kg4 Kh7 53. Kh4 Be8 54. Kg4 Bf7 55. Kh4 Bc4 56. Kg4 Bd3 57. Kf4 Bxf5 58. Kxf5 g6+ 59. Kg4 Kg7 60. Kh4 Kf6 61. Kg4 h5+ 62. Kh4 Kf5 63. Kh3 g5 64. Kg3 h4+ 65. Kh3 Kf4 66. Kh2 Kf3 67. Kh1 g4 68. Kh2 g3+ 69. Kg1 g2 70. Kh2 Kf2 71. Kh3 g1=Q 72. Kxh4 Qg6 73. Kh3 Qh5# 0-1


[Site "https://www.chess.com"]

[Event "Titled Tuesday Blitz June 6 Early 2023"]
[White "Da Silva, Lindolfo Luiz"]
[Black "Bilan, Danila"]
[WhiteFideId "2106558"]
[BlackFideId "24161918"]
[WhiteElo "2374"]
[BlackElo "2146"]
[Result "0-1"]
[Round "7"]
[TimeControl "180+2"]
[Date "2023.06.06"]
[WhiteClock "0:00:02"]
[BlackClock "0:00:07"]
[Board "100"]

1. d4 d5 2. g3 Nf6 3. Bg2 c5 4. Nf3 Nc6 5. O-O Bg4 6. c4 e6 7. cxd5 Nxd5 8. Ne5 Bh5 9. Nxc6 bxc6 10. Qa4 Qb6 11. e4 Nb4 12. d5 Be2 13. Re1 Bb5 14. Qd1 Nd3 15. Re3 c4 16. Nc3 Bc5 17. dxe6 O-O 18. Bh3 fxe6 19. Bxe6+ Kh8 20. Bf5 g6 21. Bxg6 hxg6 22. Qg4 Kg7 23. h4 Nxf2 24. Qd7+ Rf7 25. Qd2 Ng4 26. Nd1 Rd8 27. Qe1 Rxd1 28. Qxd1 Bxe3+ 29. Kg2 Bxc1 0-1


[Site "https://www.chess.com"]

[Event "Titled Tuesday Blitz June 6 Early 2023"]
[White "Arat, Ufuk Sezen"]
[Black "Andrews, Todd"]
[WhiteFideId "6309089"]
[BlackFideId "2012456"]
[WhiteElo "2289"]
[BlackElo "2145"]
[Result "1-0"]
[Round "7"]
[TimeControl "180+2"]
[Date "2023.06.06"]
[WhiteClock "0:01:03"]
[BlackClock "0:00:06"]
[Board "101"]

1. e4 e6 2. d4 d5 3. Nc3 Bb4 4. exd5 exd5 5. Bd3 Nc6 6. Ne2 Nge7 7. Bg5 f6 8. Bh4 Bg4 9. f3 Bf5 10. Qd2 Qd7 11. a3 Bxc3 12. Qxc3 O-O 13. O-O-O Rfe8 14. g4 Bxd3 15. Qxd3 Na5 16. Nc3 Nc4 17. b3 Nd6 18. Bg3 c6 19. h4 b5 20. h5 a5 21. g5 f5 22. g6 h6 23. a4 b4 24. Ne2 Rac8 25. Bf2 Nb7 26. Nf4 Qd6 27. Be3 c5 28. dxc5 Nxc5 29. Bxc5 Rxc5 30. Ne2 Rec8 31. Nd4 Rc3 32. Qd2 Qc5 33. Kb2 Nc6 34. Ne6 Qd6 35. Qxd5 Qxd5 36. Rxd5 Ne7 37. Rd8+ Rxd8 38. Nxd8 Nd5 39. Nb7 Ne3 40. Rc1 f4 41. Nxa5 Kf8 42. Nc4 Ke7 43. Nxe3 fxe3 44. a5 Kd6 45. a6 Kc7 46. f4 Kb6 47. f5 Kxa6 48. Re1 Kb6 49. f6 gxf6 50. g7 Rc8 51. Rxe3 Rg8 52. Re6+ Kc5 53. Rxf6 Rxg7 54. Rxh6 Rg2 55. Rg6 Kb5 56. Rxg2 1-0


[Site "https://www.chess.com"]

[Event "Titled Tuesday Blitz June 6 Early 2023"]
[White "Ai, Evan"]
[Black "feuervogel1000000"]
[WhiteFideId "2094770"]
[WhiteElo "1963"]
[BlackElo "2516"]
[Result "1-0"]
[Round "7"]
[TimeControl "180+2"]
[Date "2023.06.06"]
[WhiteClock "0:02:22"]
[BlackClock "0:01:50"]
[Board "102"]

1. e4 c5 2. Nf3 Nc6 3. d4 cxd4 4. Nxd4 Nf6 5. Nc3 e6 6. Nxc6 bxc6 7. e5 Nd5 8. Ne4 Qc7 9. f4 Rb8 10. c4 Bb4+ 11. Ke2 Ba6 12. Kf3 f5 13. Nd6+ Bxd6 14. exd6 Qxd6 15. cxd5 cxd5 16. Be3 d4 17. Qxd4 Qc6+ 18. Kg3 O-O 19. Rc1 Qb7 20. Qxa7 Qxa7 21. Bxa7 Rxb2 22. Bxa6 Rxa2 23. Bc5 d6 24. Bc4 1-0


[Site "https://www.chess.com"]

[Event "Titled Tuesday Blitz June 6 Early 2023"]
[White "Georg, Heinz"]
[Black "Chernomordik, Pavel"]
[WhiteFideId "4607295"]
[BlackFideId "2804530"]
[WhiteElo "2332"]
[BlackElo "2193"]
[Result "0-1"]
[Round "7"]
[TimeControl "180+2"]
[Date "2023.06.06"]
[WhiteClock "0:00:32"]
[BlackClock "0:00:16"]
[Board "103"]

1. e4 g6 2. d4 Bg7 3. Nc3 d6 4. f4 a6 5. a4 b6 6. Nf3 e6 7. Bd3 Ne7 8. O-O c5 9. Be3 Nbc6 10. dxc5 bxc5 11. e5 Nd5 12. Qe2 Nxe3 13. Qxe3 O-O 14. Rad1 Bb7 15. exd6 Nd4 16. Be4 Rb8 17. Ne5 Qxd6 18. Bxb7 Rxb7 19. Ne4 Qb6 20. c3 Nf5 21. Qxc5 Ne3 22. Qxb6 Rxb6 23. Nd7 Rxb2 24. Nxf8 Nxd1 25. Rxd1 Kxf8 26. Rd7 Re2 27. Nd6 Bxc3 28. Rxf7+ Kg8 29. Kf1 Rd2 30. Rd7 Bb4 31. Rd8+ Kg7 32. Ne8+ Kf7 33. Rxd2 Bxd2 34. Nc7 Bxf4 35. Nxa6 Bxh2 36. Kf2 Bd6 37. Kf3 Ke7 38. Ke4 Kd7 39. Kd4 Kc6 40. Kc4 Kb6 41. Nb4 Bxb4 42. Kxb4 h5 43. a5+ Ka6 44. Kc5 g5 45. Kd4 h4 46. Ke5 g4 47. Kf4 h3 48. gxh3 gxh3 49. Kg3 Kxa5 50. Kxh3 Kb4 51. Kg4 Kc4 52. Kf4 Kd4 53. Kf3 Kd3 54. Kf4 Kd4 55. Kf3 e5 56. Ke2 Ke4 0-1


[Site "https://www.chess.com"]

[Event "Titled Tuesday Blitz June 6 Early 2023"]
[White "Spichkin, Alexander"]
[Black "Tokman, Ariel"]
[WhiteFideId "4144074"]
[BlackFideId "117420"]
[WhiteElo "1986"]
[BlackElo "2263"]
[Result "0-1"]
[Round "7"]
[TimeControl "180+2"]
[Date "2023.06.06"]
[WhiteClock "0:00:13"]
[BlackClock "0:00:35"]
[Board "104"]

1. f4 c5 2. Nf3 Nc6 3. e3 d6 4. Be2 g6 5. O-O Bg7 6. d3 Nf6 7. Nc3 O-O 8. Qe1 Rb8 9. a4 a6 10. Qh4 b5 11. axb5 axb5 12. e4 b4 13. Nd1 c4 14. f5 b3 15. cxb3 cxd3 16. Bxd3 Rxb3 17. Bc2 Rb8 18. Bh6 Qb6+ 19. Kh1 Qc5 20. Ba4 Ne5 21. Nxe5 Qxe5 22. Bf4 Qc5 23. fxg6 hxg6 24. Rc1 Qd4 25. Bc6 Bb7 26. Be3 Qe5 27. Bf4 Qh5 28. Qxh5 Nxh5 29. Bg5 Bf6 30. Bxf6 Nxf6 31. Nf2 Bxc6 32. Rxc6 Rxb2 33. h3 Re2 34. Rc7 Nxe4 35. Ng4 Ng3+ 36. Kg1 Nxf1 37. Kxf1 Re4 38. Kf2 Kg7 39. Kf3 Re6 40. Ne3 Ra8 41. Nd5 Ra3+ 42. Kf2 Ra2+ 43. Kg3 Re5 44. Nxe7 Rg5+ 45. Kf3 Rgxg2 46. Nc8 Rgc2 47. Rxc2 Rxc2 48. Nxd6 f5 49. Nb5 Rd2 50. Ke3 Rh2 51. Nd6 Rxh3+ 52. Kf4 Ra3 53. Ne8+ Kh6 54. Nf6 Ra4+ 55. Ke5 f4 56. Ng4+ Kg5 57. Nf2 f3 58. Nd3 Kg4 59. Kf6 Kg3 60. Kxg6 f2 61. Ne5 f1=Q 62. Nf7 Ra6+ 63. Kg7 Ra7 64. Kh6 Qxf7 65. Kg5 Ra5+ 66. Kh6 Qf6+ 67. Kh7 Ra7+ 68. Kg8 Qd8# 0-1


[Site "https://www.chess.com"]